 Dungeon Crawl Stone Soup version 0.15.2 (webtiles) character file.

84 Amnesiac the Insei (level 4, 0/35 HPs)
             Began as a Mummy Monk on Mar 27, 2018.
             Killed from afar by an orc wizard (8 damage)
             ... with a magic dart
             ... on Level 3 of the Dungeon.
             The game lasted 00:03:51 (3403 turns).

Amnesiac the Insei (Mummy Monk)                     Turns: 3403, Time: 00:03:51

HP   0/35        AC  0     Str 14      XL: 4   Next: 24%
MP   4/4         EV 13     Int  9      God:
Gold 40          SH  0     Dex 15      Spells:  0 memorised,  3 levels left

rFire  x x .     SeeInvis .       - Unarmed
rCold  + + .     Clarity  .     (no armour)
rNeg   + + +     rCorr    .     (no shield)
rPois  +         rRot     +     (no helmet)
rElec  .         Spirit   .     (no cloak)
SustAb .         Warding  .     (no gloves)
rMut   .         Stasis   .     (no boots)
Gourm  .                        (no amulet)
MR     .....                    (no ring)
                                d - ring of ice

@: not resistant to hostile enchantments, unstealthy
A: no food or potions, fire vulnerability, restore body, cold resistance 1,
negative energy resistance 3, poison resistance, torment resistance, unbreathing
a: no special abilities


You were on level 3 of the Dungeon.
You were not hungry.

You visited 1 branch of the dungeon, and saw 4 of its levels.

You collected 40 gold pieces.

Inventory:

Scrolls
 a - 4 scrolls of identify {unknown}
 b - 2 scrolls of teleportation {unknown}
 c - 2 scrolls of remove curse {unknown}
 e - a scroll of fear {unknown}
 f - a scroll of noise {unknown}
 g - a scroll of blinking {unknown}
 h - a scroll of amnesia {unknown}
Jewellery
 d - a ring of ice (left hand)


   Skills:
 - Level 3.0 Fighting
 - Level 2.4 Dodging
 - Level 1.5 Stealth
 + Level 4.8 Unarmed Combat


You had 3 spell levels left.
You didn't know any spells.

Dungeon Overview and Level Annotations

Branches:
Dungeon (4/15)
 Temple: D:4-7

Altars:
Nemelex Xobeh

Annotations:
D:3 1 exclusion, Sigmund


Innate Abilities, Weirdness & Mutations

You do not eat or drink.
Your flesh is vulnerable to fire.
Your flesh is cold resistant.
You are immune to negative energy.
Your system is resistant to poisons.
You are immune to unholy pain and torment.
You can survive without breathing.


Message History

The orc wizard gestures wildly while chanting.
The orc wizard seems to speed up.
You see here a bat skeleton.
You hit the orc.
You kill the orc!
The orc wizard gestures at you while chanting.
The magic dart hits you!
The orc shouts!
The orc wizard gestures at you while chanting.
The magic dart hits you!
The orc wizard gestures at you while chanting.
You resist.
The orc wizard points at you and mumbles some strange words.
The magic dart hits you!
The orc wizard points at you and mumbles some strange words.
The magic dart hits you!
* * * LOW HITPOINT WARNING * * *
The orc wizard points at you and mumbles some strange words.
The magic dart hits you!
You die...

#.# #.....# #.# ###.###
##.######.#
.######.........#
...........###<.#
.######..#.# #..## #..#.#
#...######
#.##.###.>......# #
#.##.#..@....##%#########
#.##.....................
#.####.......####.#######
#.# ###...######.# #
#.#######.######o..#
#...# #
#.................##
#.### #
########.#..#####o## #.#
# ##...# ##...## #.# #
#######..###.###.###.# #


You could see an orc wizard and an orc.

Vanquished Creatures
  3 adders
  2 worms
  A giant gecko (D:2)
  An ooze (D:2)
  2 orcs
  7 bats
  2 giant cockroaches
  10 hobgoblins
  4 kobolds
  2 ball pythons
  2 giant newts
  A goblin (D:2)
  3 rats (D:2)
40 creatures vanquished.

Notes
Turn   | Place    | Note
--------------------------------------------------------------
     0 | D:1      | Amnesiac, the Mummy Monk, began the quest for the Orb.
     0 | D:1      | Reached XP level 1. HP: 18/18 MP: 1/1
   678 | D:1      | Reached XP level 2. HP: 21/24 MP: 2/2
  1337 | D:1      | Reached skill level 4 in Unarmed Combat
  1587 | D:2      | Reached XP level 3. HP: 29/29 MP: 3/3
  2790 | D:3      | Reached XP level 4. HP: 33/35 MP: 4/4
  2872 | D:3      | Found a sparkling altar of Nemelex Xobeh.
  2880 | D:3      | Noticed an ogre
  3257 | D:3      | Noticed Sigmund
  3403 | D:3      | Killed from afar by an orc wizard

Action                   |  1- 3 |  4- 6 || total
-------------------------+-------+-------++-------
Melee: Unarmed           |   113 |    35 ||   148
 Stab: Sleeping          |     3 |       ||     3
       Distracted        |     1 |       ||     1
